Cogmind - Beta 17.1 @@@ ROGUE MODE // 2026.09.21 @ 00:47:05 Player: Somberlain Result: Destroyed by G-47 Trooper with Particle Gun Performance ------------- Evolutions (2) 1000 Regions Visited (4) 800 Robots Destroyed (32) 160 Value Destroyed (983) 983 Prototype IDs (0) 0 Alien Tech Used (0) 0 Bonus (200) 200 TOTAL SCORE: 3143 Bonus ------- Entered Garrisons 200 Cogmind --------- Core Integrity 0/550 Matter 234/300 Energy 100/100 System Corruption 12% Temperature Cool (18) Movement Core (350) Ox6 Location -8/Garrison Parts ------- > --- POWER (1) -------- (None) > --- PROPULSION (3) --- (None) > --- UTILITY (5) ------ Improved Heat Sink Large Storage Unit > --- WEAPON (2) ------- (None) > --- INVENTORY (15) --- Deuterium Engine Heat Sink Heat Sink Hacking Suite Peak State ------------ > --- POWER ------------ Deuterium Engine > --- PROPULSION ------- Aluminum Leg Aluminum Leg > --- UTILITY ---------- Improved Heat Sink Large Storage Unit Improved Light Armor Plating Improved Light Armor Plating Hacking Suite > --- WEAPON ----------- Beam Rifle Particle Cannon > --- INVENTORY -------- Deuterium Engine Heat Sink Heat Sink Particle Charger Small Laser Grenade Launcher [Rating: 23] Favorites ----------- Power Deuterium Engine Engine Deuterium Engine Propulsion Light Treads Treads Light Treads Leg Aluminum Leg Utility Large Storage Unit Device Heat Sink Storage Large Storage Unit Hackware Hacking Suite Protection Improved Light Armor Plating Weapon Small Laser Energy Gun Small Laser Energy Cannon Particle Cannon Launcher Grenade Launcher Build | -11 -10 -9 -8 -8 ------- Run | Yrd Mat Mat Mat Gar Slots Evolved 4 | . . 2 2 . Power . | . . . . . Propulsion 1 | . . . 1 . Utility 3 | . . 2 1 . Weapon . | . . . . . Parts Attached 27 | 6 1 15 3 2 Power 3 | 1 . 2 . . Engine 3 | 1 . 2 . . Core . | . . . . . Reactor . | . . . . . Propulsion 8 | 2 . 3 2 1 Treads 5 | 2 . 3 . . Leg 3 | . . . 2 1 Wheel . | . . . . . Hover . | . . . . . Flight . | . . . . . Utility 11 | 1 1 8 1 . Device 5 | . 1 3 1 . Storage 2 | 1 . 1 . . Processor . | . . . . . Hackware 1 | . . 1 . . Protection 3 | . . 3 . . Artifact . | . . . . . Weapon 5 | 2 . 2 . 1 Energy Gun 3 | 2 . 1 . . Energy Cannon 1 | . . 1 . . Ballistic Gun . | . . . . . Ballistic Cannon . | . . . . . Launcher 1 | . . . . 1 Special Weapon . | . . . . . Impact Weapon . | . . . . . Slashing Weapon . | . . . . . Piercing Weapon . | . . . . . Special Melee Weapon . | . . . . . Unidentified Prototypes . | . . . . . Parts Lost 16 | . . 2 3 11 Power 2 | . . 1 . 1 Propulsion 5 | . . . 2 3 Utility 5 | . . 1 . 4 Weapon 4 | . . . 1 3 Highest Loss Streak 8 | . . 1 2 8 To Critical Strikes . | . . . . . Average Backups 5 | 1 3 5 7 5 Power . | . 1 . 1 1 Propulsion 1 | 1 2 2 1 . Utility 1 | . . . 3 3 Weapon 1 | . . 1 2 . Tool/Special . | . . . . . Unused Backups 3 | . . 1 . 2 Power 2 | . . 1 . 1 Propulsion . | . . . . . Utility 1 | . . . . 1 Weapon . | . . . . . Tool/Special . | . . . . . Average Slot Usage (%) 88 | . 95 90 82 77 Engine 9 | . 14 9 9 7 Treads 17 | . 28 22 10 . Leg 4 | . . . 6 17 Device 15 | . 9 17 15 14 Storage 10 | . 14 11 9 9 Hackware 2 | . . . 9 8 Protection 6 | . . 6 6 8 Energy Gun 14 | . 28 15 9 8 Energy Cannon 4 | . . 6 9 . Peak Build Rating 23 | 6 7 18 23 22 Average Rating 14 | 4 6 13 19 18 On Entrance 10 | . 6 7 18 21 Avg Prop Armor Cover (%) . | . . . . . Naked Turns . | . . . . . Heaviest Build 43 | 12 13 43 43 40 Greatest Support 40 | 40 40 40 40 30 Greatest Overweight (x) 2 | . . 1 2 1 Average Overweight (x) . | . . . . 1 Largest Inventory Capacity 15 | 8 8 15 15 15 Average Capacity 13 | 6 8 14 15 15 Most Carried 8 | 3 4 8 8 8 Average Carried 5 | 1 3 5 7 5 Final Capacity 15 | 8 8 15 15 15 Final Carried 8 | 3 4 8 7 4 Class Distribution -------------------- 93% | Mutant 6% | Scavenger-Mutant Dominant Class ---------------- Mutant | -10/Materials Mutant | -9/Materials Scavenger-Mutant | -8/Materials Mutant | -8/Garrison Resources | -11 -10 -9 -8 -8 ----------- Run | Yrd Mat Mat Mat Gar Matter Collected 511 | 173 97 153 69 19 Remotely . | . . . . . Salvage Created 1168 | . 179 684 220 85 Parts 61 | . 9 41 9 2 Haulers Intercepted 2 | . . 1 1 . Recyclers Shooed 3 | . . 3 . . Parts Field Recycled . | . . . . . Retrieved Matter . | . . . . . Parts Self-Destructed . | . . . . . Prevented . | . . . . . Parts Restored . | . . . . . Kills | -11 -10 -9 -8 -8 ------- Run | Yrd Mat Mat Mat Gar Combat Hostiles Destroyed 25 | . 5 14 3 3 Guns 18 | . 5 11 2 . Cannons 4 | . . 3 1 . AOE 3 | . . . . 3 Classes Destroyed 7 | . 2 5 . . Hauler 2 | . . 1 1 . Recycler 1 | . . 1 . . Operator 2 | . . 1 1 . Watcher 2 | . . 2 . . Swarmer 4 | . 1 3 . . Grunt 17 | . 4 7 3 3 Sentry 4 | . . 4 . . Best Kill Streak 5 | . 3 5 2 2 Combat Bots Only 5 | . 3 5 2 2 Max Kills in Single Turn 1 | . 1 1 1 1 Gunslinging . | . . . . . Exploded 1 | . . . . 1 Melee . | . . . . . Uniques/NPCs Destroyed . | . . . . . Combat | -11 -10 -9 -8 -8 -------- Run | Yrd Mat Mat Mat Gar Hostile Shots Fired 229 | . 22 61 71 75 Missed 57 | . 9 20 13 15 Hits 172 | . 13 41 58 60 Projectile 172 | . 13 41 58 60 Critical Strikes 12 | . . 2 5 5 Damage Taken 2546 | . 172 507 890 977 Core 639 | . 27 54 136 422 Absorbed by Shields 49 | . . . . 49 Core Remaining (%) 91 | 100 89 86 . . Volleys Fired 112 | . 20 56 17 19 Largest 2 | . 2 2 2 2 Hottest 124 | . 80 124 124 96 Shots Fired 210 | . 40 114 34 22 Gun 166 | . 40 99 17 10 Cannon 32 | . . 15 17 . Launcher 12 | . . . . 12 Special . | . . . . . Kinetic . | . . . . . Thermal 198 | . 40 114 34 10 Explosive 12 | . . . . 12 Electromagnetic . | . . . . . Robot Hit Streak 10 | . 7 10 8 5 Robot Miss Streak 6 | . 2 3 6 2 Penetration Max . | . . . . . Secondary Targets . | . . . . . Shots Hit Robots 117 | . 23 70 15 9 Core Hits 52 | . 11 25 9 7 Critical Kills . | . . . . . Critical Parts Destroyed . | . . . . . Critical Strikes 4 | . . 2 2 . Burn 4 | . . 2 2 . Melee Attacks . | . . . . . Impact . | . . . . . Slashing . | . . . . . Piercing . | . . . . . Sneak Attacks . | . . . . . Combat Hostiles . | . . . . . Follow-up Attacks . | . . . . . Damage Inflicted 2035 | . 259 1053 334 389 Guns 1326 | . 259 812 148 107 Cannons 427 | . . 241 186 . Explosions 254 | . . . . 254 Melee . | . . . . . Ramming 28 | . . . . 28 Kinetic . | . . . . . Thermal 1753 | . 259 1053 334 107 Explosive 254 | . . . . 254 Electromagnetic . | . . . . . Impact . | . . . . . Slashing . | . . . . . Piercing . | . . . . . Highest Corruption 12 | . . 2 . 12 Average Corruption 2 | . . 1 . 6 Corruption Purged . | . . . . . Corruption Blocked . | . . . . . Effects 16 | . . 15 . 1 Message Errors 5 | . . 5 . . Matter Fused 2 | . . 2 . . Heat Flow Errors 3 | . . 2 . 1 Energy Discharges 3 | . . 3 . . Data Loss (minor) 1 | . . 1 . . Misfires 2 | . . 2 . . Overload Shots . | . . . . . Overflow Damage 4 | . . 4 . . Projectiles 4 | . . 4 . . Explosions . | . . . . . Melee . | . . . . . Knockbacks . | . . . . . Impact . | . . . . . Kinetic . | . . . . . Secondary . | . . . . . Self-Inflicted Damage 87 | . . . . 87 Shots 5 | . . . . 5 Rammed 18 | . . . . 18 Targets Rammed 26 | . . . . 26 Kicked 8 | . . . . 8 Crushed . | . . . . . Highest Temperature 369 | . 84 226 369 195 Average Temperature 94 | . 23 64 190 57 Received Heat Transfer 1033 | . 96 213 612 112 Effects 8 | . . 1 7 . Energy Bleed 3 | . . 1 2 . Interference 3 | . . . 3 . Matter Decay 1 | . . . 1 . Damage (minor) 1 | . . . 1 . Siege Activations . | . . . . . Martial Activations . | . . . . . Shielding Activations . | . . . . . Robots Disrupted . | . . . . . Combat Hostiles . | . . . . . Robots Corrupted . | . . . . . Combat Hostiles . | . . . . . Parts Fried . | . . . . . Impact Corruptions . | . . . . . Robots Melted . | . . . . . Combat Hostiles . | . . . . . Parts Melted 10 | . 2 7 1 . Heat Transferred 3908 | . 575 2321 777 235 Parts Sabotaged . | . . . . . Parts Stolen . | . . . . . Parts Stripped . | . . . . . Power Chain Reactions . | . . . . . Alert | -11 -10 -9 -8 -8 ------- Run | Yrd Mat Mat Mat Gar Maximum Alert Level . | . . . . . Low Security (%) 100 | 100 100 100 100 100 Level 1 . | . . . . . Level 2 . | . . . . . Level 3 . | . . . . . Level 4 . | . . . . . Level 5 . | . . . . . High Security . | . . . . . Max Security . | . . . . . Peak Influence 105 | . 105 98 80 94 Initial 28 | . . 2 28 23 Average 33 | . 61 28 47 35 Influence Increases 804 | . 172 443 88 101 Destroy 0b10 Robot/C 500 | . 100 280 60 60 Destroy 0b10 Robot/NC 35 | . . 25 10 . Destroy Leader 108 | . 20 76 12 . Successful Hack 40 | . 7 30 3 . Disable Machine 30 | . . 30 . . Destroy Structure 46 | . . 2 3 41 Lose Combat Pursuer 45 | . 45 . . . Influence Decreases 790 | . 165 382 120 123 Entered New Map 58 | . . 5 40 13 Time Decay 497 | . 90 357 50 . Lost Part 160 | . . 20 30 110 Purge Threat 75 | . 75 . . . Squads Dispatched 5 | . 1 2 2 . Investigation 3 | . 1 2 . . Extermination . | . . . . . Reinforcement 1 | . . . 1 . Assault . | . . . . . Garrison 1 | . . . 1 . Intercept . | . . . . . Searches Triggered . | . . . . . Construction Impeded . | . . . . . Haulers Reinforced . | . . . . . Active Scanning Responses . | . . . . . Cargo Convoy Interrupts . | . . . . . Stealth | -11 -10 -9 -8 -8 --------- Run | Yrd Mat Mat Mat Gar Distress Signals . | . . . . . Communications Jammed . | . . . . . Distress Signals . | . . . . . Times Spotted 45 | . 8 23 7 7 Peak Tracking Total 4 | . 4 4 4 4 Tactical Retreats 2 | . 2 . . . Traps | -11 -10 -9 -8 -8 ------- Run | Yrd Mat Mat Mat Gar Traps Triggered 5 | . . 3 . 2 Indirectly . | . . . . . Trap Hack Attempts . | . . . . . Triggered . | . . . . . Disarmed . | . . . . . Reprogrammed . | . . . . . Reused . | . . . . . Traps Extracted . | . . . . . Installed . | . . . . . Triggered . | . . . . . Machines | -11 -10 -9 -8 -8 ---------- Run | Yrd Mat Mat Mat Gar Machines Disabled 2 | . . 2 . . Max in Single Turn 1 | . . 1 . . Machines Repaired . | . . . . . Machines Dismantled . | . . . . . Machines Sabotaged . | . . . . . Overloaded Fab Kills . | . . . . . Hacking | -11 -10 -9 -8 -8 --------- Run | Yrd Mat Mat Mat Gar Machines Accessed 10 | . 2 7 1 . Terminals 9 | . 2 7 . . Fabricators . | . . . . . Repair Stations . | . . . . . Recycling Units . | . . . . . Scanalyzers . | . . . . . Garrison Access 1 | . . . 1 . Total Hacks 33 | . 10 22 1 . Successful 9 | . 3 5 1 . Failed 22 | . 6 16 . . Catastrophic 8 | . 1 7 . . Database Lockouts 2 | . 1 1 . . Manual 26 | . 8 18 . . Terminals 32 | . 10 22 . . Fabricators . | . . . . . Repair Stations . | . . . . . Recycling Units . | . . . . . Scanalyzers . | . . . . . Garrison Access 1 | . . . 1 . Terminal Hacks 8 | . 3 5 . . Record 1 | . . 1 . . Robot Analysis 4 | . 1 3 . . Branch Access Points 1 | . . 1 . . Unreport Threat 2 | . 2 . . . Fabricator Hacks . | . . . . . Repair Station Hacks . | . . . . . Recycling Unit Hacks . | . . . . . Scanalyzer . | . . . . . Garrison Access Hacks 1 | . . . 1 . Unlock Access 1 | . . . 1 . Unauthorized Hacks . | . . . . . Terminals . | . . . . . Fabricators . | . . . . . Repair Stations . | . . . . . Recycling Units . | . . . . . Scanalyzers . | . . . . . Garrison Access . | . . . . . Data Cores Recovered 1 | . . 1 . . Used . | . . . . . Hacking Detections 8 | . 2 6 . . Full Trace Events 3 | . 2 1 . . Feedback Events . | . . . . . Feedback Blocked . | . . . . . Robot Schematics Acquired . | . . . . . Robots Built . | . . . . . Authchips . | . . . . . Time . | . . . . . Total Robot Build Rating . | . . . . . Part Schematics Acquired . | . . . . . Parts Built . | . . . . . Authchips . | . . . . . Time . | . . . . . Total Part Build Rating . | . . . . . Part Studies Acquired . | . . . . . Parts Repaired . | . . . . . Time . | . . . . . Parts Recycled . | . . . . . Recycled Matter . | . . . . . Retrieved Matter . | . . . . . Retrieved Components . | . . . . . Parts Scanalyzed . | . . . . . Part Schematics Acquired . | . . . . . Parts Damaged . | . . . . . Bothacking | -11 -10 -9 -8 -8 ------------ Run | Yrd Mat Mat Mat Gar Used RIF Installer . | . . . . . Robots Hacked . | . . . . . Non-combat . | . . . . . Combat . | . . . . . Robot Hacks Applied . | . . . . . Relay Couplers Released . | . . . . . Fabnet Peak Effective % . | . . . . . Robots Rewired . | . . . . . Allies Hacked . | . . . . . Hacks Repelled . | . . . . . Allies | -11 -10 -9 -8 -8 -------- Run | Yrd Mat Mat Mat Gar Total Allies . | . . . . . Largest Group . | . . . . . Highest-Rated Group . | . . . . . Highest-Rated Ally . | . . . . . Total Orders . | . . . . . Ally Attacks . | . . . . . Total Damage . | . . . . . Kills . | . . . . . Allies Corrupted . | . . . . . Allies Melted . | . . . . . Intel | -11 -10 -9 -8 -8 ------- Run | Yrd Mat Mat Mat Gar Active Infowar (turns) . | . . . . . Robot Analysis Total 4 | . 1 3 . . Derelict Logs Recovered . | . . . . . Drone Launches . | . . . . . Drone Recoveries . | . . . . . Exploration | -11 -10 -9 -8 -8 ------------- Run | Yrd Mat Mat Mat Gar Turns Passed 2338 | 79 231 1443 114 471 Spaces Moved 950 | 43 99 615 22 171 Core 1 | 1 . . . . Treads 766 | 42 99 615 10 . Legs 183 | . . . 12 171 Wheels . | . . . . . Hover . | . . . . . Flight . | . . . . . Fastest Speed 50 | 50 160 160 160 190 Average Speed 187 | 157 160 192 205 190 Slowest Speed 260 | 160 160 240 260 190 Overloaded Moves . | . . . . . Propulsion Burnouts . | . . . . . Robots Hopped . | . . . . . Potential Cave-ins . | . . . . . Cave-ins Triggered . | . . . . . Exploration Rate (%) 19 | 3 21 57 5 12 Regions Visited 4 Branch Regions . Pre-discovered Areas . | . . . . . Known Exits Taken 1 | . . . 1 . Unknown Exits Taken 3 | 1 1 1 . . Scrap Searched . | . . . . . Spaces Dug . | . . . . . Terrain Destroyed 49 | . . 1 3 45 Melee . | . . . . . Projectile 4 | . . 1 3 . AOE 45 | . . . . 45 Terrain Rammed . | . . . . . Walls Destroyed . | . . . . . Machines Disabled . | . . . . . Actions | -11 -10 -9 -8 -8 --------- Run | Yrd Mat Mat Mat Gar Total 1239 | 51 131 759 55 243 Wait 92 | . 11 62 10 9 Move 947 | 42 98 614 22 171 Hop . | . . . . . Pick Up 8 | 3 1 3 1 . Fast Attach 14 | 6 1 6 . 1 Attach 8 | . . 1 3 4 Detach 2 | . . 1 . 1 Swap 12 | . . 8 2 2 Drop 8 | . . 8 . . Fire 112 | . 20 56 17 19 Melee . | . . . . . Ram 18 | . . . . 18 Kick 8 | . . . . 8 Crush . | . . . . . Escape Stasis 10 | . . . . 10 Rewire . | . . . . . Trap . | . . . . . Miscellaneous . | . . . . . Route ------- -11/Scrapyard -10/Materials -9/Materials (discovered 3 exits: *Mat x2 / *Min) -8/Materials -8/Garrison History --------- Turn | Location | Event 8 | -11/Scrapyard | Discovered new exit (range 14) 80 | -11/Scrapyard | Entered Materials 276 | -10/Materials | Discovered new exit (range 7) 303 | -10/Materials | Central database locked down 311 | -10/Materials | Entered another Materials area 311 | -9/Materials | Evolved 2 slots: Utility x2 313 | -9/Materials | Build established: Mutant 521 | -9/Materials | Discovered new exit (range 16) 525 | -9/Materials | Identified exit to Mines 761 | -9/Materials | Discovered new exit (range 5) 1658 | -9/Materials | Central database locked down 1680 | -9/Materials | Discovered new exit (range 16) 1754 | -9/Materials | Entered another Materials area 1754 | -8/Materials | Evolved 2 slots: Propulsion x1, Utility x1 1816 | -8/Materials | Garrison activated, responded to threat 1868 | -8/Materials | Identified exit to Garrison 1868 | -8/Materials | Entered Garrison 2088 | -8/Garrison | Triggered checkpoint 2176 | -8/Garrison | Lost 3 parts (1u2w) 2294 | -8/Garrison | Core integrity fell below 50% 2318 | -8/Garrison | Lost 8 parts (1p3n3u1w) 2318 | -8/Garrison | System corruption reached 10% 2330 | -8/Garrison | Core integrity fell below 20% 2339 | -8/Garrison | Destroyed by G-47 Trooper with Particle Gun Last Messages --------------- 02269_ Kicked P-60 Hacker. 02270_ Kicked P-60 Hacker out of the way. 02272_ Kicked P-60 Hacker. 02272_ Aluminum Leg destroyed. 02274_ Kicked P-60 Hacker. 02275_ Aluminum Leg destroyed. 02277_ Slammed into P-60 Hacker. 02278_ Imp. Light Armor Plating destroyed. 02281_ Slammed into P-60 Hacker. 02281_ Imp. Light Armor Plating destroyed. 02285_ Slammed into P-60 Hacker. 02287_ Hacking Suite destroyed. 02289_ Slammed into P-60 Hacker. 02291_ System corrupted: Heat flow error (+240). 02292_ Slammed into P-60 Hacker. 02292_ Imp. Heat Sink broken. 02292_ Destabilizing: Short circuit. 02296_ Slammed into P-60 Hacker. 02317_ Destabilizing: Core damaged (-11). 02320_ Slammed into P-60 Hacker. Map ----- +----------------------------------------------------+ | ??????????????????????????????????????????????? | | ?????????????????????################?????????? | | ????????????????????## #?????????? | | ????????????????????# #?????????? | | ????????????????????# #?????????? | | ????????????????????# # ########?????????? | | ????????????????????## # #??????????????? | | ?????????????????????# #??????????????? | | ????????????????????## ##???????????????? | | ????????????????????# #???????????????? | | ????????????????????# ##??????????????? | | ????????????????????# #??????????????? | | ????????????????????## ##??????????????? | | ????????????????????# # ###?????????????? | | ????????????????????# ### #?????????????? | | ????????????????????## #?# #?????????????? | | ????????????????????## #?# #?????????????? | | ?????????????????????# #?# ###?????????????? | | ?????????????????????# #?# #???????????????? | | ?????????????????????# #?# ^#???????????????? | | ?????????????????????# ### ###?????????????? | | ?????????????????????# ## #"#?????????????? | | ?????????????????????# ## "#?????????????? | | ???????????########### # "#?????????????? | | ???????? ## "#?????????????? | | ???????? g p@ ; #"#?????????????? | | ???????? g g ; ###?????????????? | | ?????????######################???????????????? | | ??????????????????????????????????????????????? | | ??????????????????????????????????????????????? | | ??????????????????????????????????????????????? | | ??????????????????????????????????????????????? | | ??????????????????????????????????????????????? | | ??????????????????????????????????????????????? | | ??????????????????????????????????????????????? | | ??????????????????????????????????????????????? | | ??????????????????????????????????????????????? | | ??????????????????????????????????????????????? | | ??????????????????????????????????????????????? | | ??????????????????????????????????????????????? | | ??????????????????????????????????????????????? | | ??????????????????????????????????????????????? | | ??????????????????????????????????????????????? | | ??????????????????????????????????????????????? | | ??????????????????????????????????????????????? | | ??????????????????????????????????????????????? | | ??????????????????????????????????????????????? | | ??????????????????????????????????????????????? | | ??????????????????????????????????????????????? | | ??????????????????????????????????????????????? | +----------------------------------------------------+ Best States ------------- Heat Dissipation 45 Energy Generation 14 Energy Capacity 275 Matter Stores 300 Matter Capacity 300 Sight Range 16 Terrain Scan Density 10 Armor Coverage 300 Evasion (%) 40 Recoil Reduction 2 Particle Charging 15 Offensive Hacking 10 Item Schematics ----------------- None Robot Schematics ------------------ None Fabricated ------------ Nothing Repaired ---------- Nothing Studied --------- None Alien Tech Used ----------------- None Achievements -------------- None Challenges ------------ None Game ------ Seed NanofilamentsShadeReplicator Manual? 0 Play Time 00:12:30 Cumulative 147.5 hours Start 2026.09.21 @ 00:35:58 End 2026.09.21 @ 00:47:05 Sessions 1 Manual Loads 0 Difficulty Rogue Special Mode None Game No. 163 Rogue 163 Adventurer 0 Explorer 0 Win Type - Total 0 Types 0/0/0/0/0/0/0/0/0/0 Lore% 55 Gallery% 59 Achievement% 45 Wizard Run 0 Options --------- Layout 1 ASCII 0 Keyboard 0 Movement Mouse Keybinds 0 Fullscreen 2 Font 24/Smallcaps Map View 50x35 Zoom Use 0% Tactical HUD 1 Map Filters NONE Filters NONE Steam 1 RUN: 017aef91-8745-4360-8676-c88f1a874a8d